 Dungeon Crawl Stone Soup version 0.30-a0-799-g109b55a442 (webtiles) character file.

Game seed: 12899846733170555791

720 BlueFish the Sneak (level 7, -2/46 (50) HPs)
             Began as a Vampire Enchanter on Feb 20, 2023.
             Was a Follower of Dithmenos.
             Slain by a wight
             ... wielding a +3 battleaxe
              (8 damage)
             ... on level 6 of the Dungeon on Feb 21, 2023.
             The game lasted 00:08:25 (4190 turns).

BlueFish the Sneak (Vampire Enchanter)              Turns: 4190, Time: 00:08:25

HP:   -2/46 (50)    AC:  3    Str:  7    XL:     7   Next: 42%
MP:   6/12          EV: 13    Int: 23    God:    Dithmenos [*.....]
Gold: 306           SH:  0    Dex: 17    Spells: 4/12 levels left

rFire   . . .      SeeInvis +    i - +3 short sword (venom)
rCold   . . .      Faith    .    (no shield)
rNeg    . . .      Spirit   .    b - +0 robe
rPois   .          Reflect  .    p - +0 helmet
rElec   .          Harm     .    (no cloak)
rCorr   .          Rampage  .    (no gloves)
Will    .....                    (no boots)
Stlth   ++++                     (no amulet)
HPRegen 0.47/turn                t - ring of wizardry
MPRegen 0.13/turn                y - +6 ring of intelligence

@: healing quickly, wreathed by umbra, drained
A: alive, fangs 3, see invisible, vampiric 2
a: Exsanguinate, Renounce Religion


You were on level 6 of the Dungeon.
You worshipped Dithmenos.
Dithmenos was aware of your devotion.
You visited 2 branches of the dungeon, and saw 7 of its levels.

You collected 306 gold pieces.

Inventory:

Hand Weapons
 a - a +1 dagger
 i - a +3 short sword of venom (weapon)
Missiles
 s - 6 poisoned darts (quivered)
 z - 5 atropa-tipped darts
 D - 8 boomerangs
Armour
 b - a +0 robe (worn)
 p - a +0 helmet (worn)
Jewellery
 t - a ring of wizardry (left hand)
 y - a +6 ring of intelligence (right hand)
 A - a ring of protection from fire
Scrolls
 e - 5 scrolls of identify {unknown}
 f - a scroll of fear {unknown}
 h - 2 scrolls of magic mapping {unknown}
 j - 2 scrolls of enchant weapon
 n - a scroll of summoning {unknown}
 o - a scroll of brand weapon {unknown}
 u - a scroll of immolation {unknown}
 w - a scroll of vulnerability {unknown}
 C - a scroll of poison {unknown}
Potions
 c - a potion of invisibility
 d - 3 potions of mutation {unknown}
 g - 2 potions of ambrosia {unknown}
 k - a potion of magic {unknown}
 l - a potion of flight {unknown}
 m - 5 potions of heal wounds {unknown}
 q - a potion of brilliance {unknown}
 r - 3 potions of curing {unknown}
 v - a potion of lignification {unknown}
 x - a potion of cancellation {unknown}
 B - a potion of might {unknown}


   Skills:
 + Level 2.2 Fighting
 + Level 3.2 Short Blades
 + Level 1.0 Throwing
 + Level 2.1 Armour
 + Level 3.8 Dodging
 + Level 6.5 Stealth
 + Level 3.4 Spellcasting
 + Level 5.9 Hexes
 + Level 1.1 Invocations


You had 4 spell levels left.
You knew the following spells:

 Your Spells              Type           Power      Damage    Failure   Level
a - Ensorcelled Hibernat  Hex/Ice        34%        N/A       1%          2
b - Confusing Touch       Hex            31%        N/A       1%          3
c - Tukima's Dance        Hex            31%        N/A       1%          3

Your spell library contained the following spells:

 Spells                   Type           Power      Damage    Failure   Level
 Beastly Appendage        Tmut           6%         N/A       4%          1
 Freeze                   Ice            12%        1d3       4%          1
 Dazzling Flash           Conj/Hex       34%        N/A       4%          3
 Inner Flame              Hex/Fire       17%        N/A       4%          3
 Wereblood                Tmut           3%         N/A       7%          2
 Frozen Ramparts          Ice            6%         1d1       13%         3
 Hailstorm                Conj/Ice       3%         3d3       13%         3
 Spider Form              Tmut/Pois      3%         N/A       13%         3
 Flame Wave               Conj/Fire      3%         2d5       38%         4
 Sticky Flame             Conj/Fire      3%         2d3       38%         4
 Silence                  Hex/Air        8%         N/A       32%         5
 Agony                    Necr           3%         N/A       73%         5


Dungeon Overview and Level Annotations

Branches:
Dungeon (6/15)             Temple (1/1) D:4

Altars:
Ashenzari
Cheibriados
Dithmenos
Gozag
Kikubaaqudgha
Makhleb
Nemelex Xobeh
Trog
Uskayaw
Xom


Innate Abilities, Weirdness & Mutations

Your natural rate of healing is accelerated.
You have razor-sharp teeth.
You have supernaturally acute eyesight. (SInv)
You are afflicted with vampirism and can become a bat while bloodless.


Message History

You impale the phantom!!
The phantom is almost destroyed.
You hit the phantom.
You destroy the phantom!
Dithmenos accepts your kill.
Your Throwing skill increases to level 1!
Found a stone staircase leading up.
You now have 294 gold pieces (gained 15).
Found 5 stones.
You now have 306 gold pieces (gained 12).
A wight comes into view. It is wielding a +3 long sword.
Found a puce potion.
A wight is nearby! 2 wights come into view.
Found 6 gold pieces. 2 wights come into view.
Found 2 dark potions.
The wight closely misses you. The wight attacks as you move away!
The wight hits you with a +3 battleaxe!
You feel drained.
You completely miss the wight. The wight hits you with a +3 battleaxe!
The wight misses you.
Cast which spell? (? or * to list)
Okay, then.
Cast which spell? (? or * to list)
Your hands begin to glow red.
The wight hits you with a +3 battleaxe!
The wight hits you from afar with a +0 spear!
* * * LOW HITPOINT WARNING * * *
You feel drained.
* * * LOW HITPOINT WARNING * * *
You hit the wight but do no damage.
The wight appears confused.
The wight barely misses you. The wight closely misses you.
Casting: Confusing Touch (safe; 1% risk of failure)
Confirm with . or Enter, or press ? or * to list all spells.
Aiming: Tukima's Dance (safe; 1% risk of failure)
Press: ? - help, Shift-Dir - straight line, f - wight
Aim: a wight, wielding a +0 spear and wearing a +0 robe (chance to affect: 61%)
The +0 spear dances into the air!
The wight barely misses the wight.
The wight hits you with a +3 battleaxe!
You die...

#.......# #..!....#
#.......# ##.....!.#
#.(.#$#### #...#.##
#.z.#..# #
######.zz##.##### ..
........@##.....(..#
##...........###..#
#....#.......#...#
..#..#...##....# #
## #.......####
....####....# ......
#.##.####### ######.
#.##.......#
#.####.....#


You could see 3 wights and a friendly +0 spear.

Vanquished Creatures
  A phantom (D:6)
  A scorpion (D:5)
  A hound (D:5)
  6 jellies
  Jessica (D:3)
  2 orc wizards
  Terence (D:3)
  2 iguanas (D:5)
  4 gnolls (D:3)
  6 adders
  2 white imps
  An ufetubus (D:5)
  2 worms (D:3)
  A dart slug (D:3)
  15 orcs
  7 bats
  10 endoplasms
  3 goblins
  4 hobgoblins
  3 jackals (D:5)
  11 kobolds
  6 quokkas
  6 ball pythons
  4 frilled lizards
  3 rats (D:1)
103 creatures vanquished.

Vanquished Creatures (others)
  A fungus (D:3)
  9 toadstools (D:3)
10 creatures vanquished.

Grand Total: 113 creatures vanquished

Notes
Turn   | Place    | Note
-------+----------+-------------------------------------------
     0 | D:1      | BlueFish the Vampire Enchanter began the quest for the Orb.
     0 | D:1      | Reached XP level 1. HP: 13/13 MP: 3/3
   277 | D:1      | Reached XP level 2. HP: 2/19 MP: 5/5
  1122 | D:2      | Gained mutation: You are afflicted with vampirism and can
                  | become a bat while bloodless. [Vampire growth]
  1122 | D:2      | Reached XP level 3. HP: 25/25 MP: 6/6
  1340 | D:2      | Reached skill level 5 in Stealth
  1555 | D:3      | Reached skill level 1 in Armour
  1587 | D:3      | Reached XP level 4. HP: 22/31 MP: 7/7
  1606 | D:3      | Noticed Terence
  1608 | D:3      | Reached skill level 1 in Fighting
  1674 | D:2      | Learned a level 2 spell: Ensorcelled Hibernation
  1678 | D:2      | Learned a level 3 spell: Confusing Touch
  1682 | D:2      | Learned a level 3 spell: Tukima's Dance
  1768 | D:3      | Killed Terence
  1769 | D:3      | Reached skill level 5 in Hexes
  1906 | D:3      | Reached XP level 5. HP: 37/37 MP: 7/9
  2309 | D:3      | Found a snail-covered altar of Cheibriados.
  2395 | D:3      | Noticed Jessica
  2398 | D:3      | Killed Jessica
  2399 | D:3      | Reached XP level 6. HP: 43/43 MP: 10/10
  2666 | D:4      | Found a staircase to the Ecumenical Temple.
  2693 | Temple   | Entered the Ecumenical Temple
  2702 | Temple   | Became a worshipper of Dithmenos the Shadowed
  3086 | D:5      | Entered Level 5 of the Dungeon
  3128 | D:5      | Reached skill level 6 in Stealth
  3325 | D:5      | Found an opulent altar of Gozag.
  3340 | D:5      | Reached * piety under Dithmenos
  3371 | D:5      | Reached XP level 7. HP: 45/50 MP: 11/11
  3771 | D:5      | Found a hide-covered altar of Uskayaw.
  3799 | D:5      | Reached skill level 1 in Invocations
  3865 | D:5      | Found a burning altar of Makhleb.
  3865 | D:5      | Noticed a cacodemon
  3868 | D:5      | Noticed a hellwing
  3868 | D:5      | Noticed a ynoxinul
  4156 | D:6      | Reached skill level 1 in Throwing
  4190 | D:6      | Slain by a wight

Illustrated notes

Levels and vault maps discovered:
D:1:      nicolae_arrival_washed_ashore, layout_basic, minmay_bisected
D:2:      layout_rooms
D:3:      cheibrodos_fertilizer, layout_basic, chei_slow_surprise,
          glass_columns_c, uniq_terence, uniq_jessica
D:4:      layout_loops_cross, minmay_temple_entry_mini_moons
D:5:      layout_basic, makhleb_altar_promises_db, mainiacjoe_overflow_paths,
          mainiacjoe_overflow_surrounded_room, chequers_serial_rivers_room_b
D:6:      layout_rooms, nicolae_overflow_crystal_walls,
          nicolae_vehumet_radiance, nicolae_ru_great_annihilating_truth,
          gammafunk_temple_overflow_pools, uniq_menkaure
Temple:   nicolae_temple_ecumenical_triangle

Skill      XL: |  1  2  3  4  5  6  7 |
---------------+----------------------+-----
Stealth        | 5 6 |  6.5
Armour         | 1 2 |  2.1
Fighting       | 1 2 |  2.2
Short Blades   | 2 3 |  3.2
Hexes          | 5 |  5.9
Dodging        | 3 |  3.8
Spellcasting   | 3 |  3.4
Invocations    | 1 |  1.1
Throwing       | 1 |  1.0

Action                     |  1- 3 |  4- 6 |  7- 9 || total
---------------------------+-------+-------+-------++-------
  Melee: Dagger            |    55 |       |       ||    55
         Bite              |     4 |    19 |     1 ||    24
         Short sword       |    33 |   171 |    20 ||   224
   Cast: Tukima's Dance    |       |       |     1 ||     1
         Confusing Touch   |       |       |     1 ||     1
    Use: Scroll            |     1 |       |       ||     1
         Potion            |       |     1 |       ||     1
   Stab: Sleeping          |     8 |    14 |     3 ||    25
         Distracted        |     1 |       |       ||     1
 Armour: Robe              |    17 |    22 |       ||    39
  Dodge: Dodged            |    57 |    82 |     9 ||   148

Table legend: (Time is in decaauts)
 A = Elapsed time spent in this place.
 B = Non-inter-level travel time spent in this place.
 C = Inter-level travel time spent in this place.
 D = Time resting spent in this place.
 E = Time spent auto-exploring this place.
 F = Levels seen in this place.
 G = Mean time per level.
                   A        B        C        D        E       F      G
               +--------+--------+--------+--------+--------+-----+--------+
         Total |   4159 |   4085 |     74 |      0 |   3030 |   7 |  594.1 |
       Dungeon |   4140 |   4066 |     74 |      0 |   3027 |   6 |  690.0 |
        Temple |     18 |     18 |      0 |      0 |      3 |   1 |   18.0 |
               +--------+--------+--------+--------+--------+-----+--------+

Top non-repeatable levels by time:
     D:5: 1058 daAuts
     D:1: 1035 daAuts
     D:3: 946 daAuts
     D:4: 627 daAuts
     D:2: 435 daAuts
     D:6: 37 daAuts
  Temple: 18 daAuts
